 Dungeon Crawl Stone Soup version 0.30-a0-800-g7c544603b3 (webtiles) character file.

Game seed: 1625633595811324301

18 Pimp the Conjurer (level 2, -1/19 HPs)
             Began as a Demonspawn Conjurer on Feb 21, 2023.
             Slain by a jackal (4 damage)
             ... on level 1 of the Dungeon.
             The game lasted 00:01:23 (417 turns).

Pimp the Conjurer (Demonspawn Conjurer)              Turns: 417, Time: 00:01:24

Health: -1/19      AC:  2    Str:  7    XL:     2   Next: 48%
Magic:  5/5        EV: 12    Int: 19    God:
Gold:   30         SH:  0    Dex: 11    Spells: 4/5 levels left

rFire   + . .      SeeInvis .    d - staff of fire
rCold   . . .      Faith    .    c - orb {mayhem}
rNeg    . . .      Spirit   .    a - +0 robe
rPois   .          Reflect  .    (no helmet)
rElec   .          Harm     .    (no cloak)
rCorr   .          Rampage  .    (no gloves)
Will    .....                    (no boots)
Stlth   ++                       (no amulet)
HPRegen 0.23/turn                (no ring)
MPRegen 0.09/turn                (no ring)

@: no status effects
A: hooves 1
a: no special abilities


You were on level 1 of the Dungeon.
You visited 1 branch of the dungeon, and saw 1 of its levels.

You collected 30 gold pieces.

Inventory:

Hand Weapons
 b - a +0 short sword
Armour
 a - a +0 robe (worn)
 c - an orb of mayhem (worn)
Magical Staves
 d - a staff of fire (weapon)


   Skills:
 + Level 2.1 Dodging
 + Level 2.1 Stealth
 + Level 2.2 Spellcasting
 + Level 4.2 Conjurations


You had 4 spell levels left.
You knew the following spells:

 Your Spells              Type           Power      Damage    Failure   Level
a - Magic Dart            Conj           72%        1d6       3%          1

Your spell library contained the following spells:

 Spells                   Type           Power      Damage    Failure   Level
 Searing Ray              Conj           36%        2d5       4%          2
 Dazzling Flash           Conj/Hex       20%        N/A       22%         3
 Fulminant Prism          Conj/Hex       5%         3d7       56%         4
 Iskenderun's Mystic Bla  Conj/Tloc      10%        2d4       56%         4


Dungeon Overview and Level Annotations

Branches:
Dungeon (1/15)

Altars:


Innate Abilities, Weirdness & Mutations

You have large cloven feet.


Message History

You closely miss the jackal. The jackal closely misses you. x2
You hit the jackal. Your kick misses the jackal.
The jackal is moderately wounded.
The jackal bites you but does no damage.
The jackal misses you.
You closely miss the jackal. Your kick misses the jackal.
The jackal is moderately wounded.
The jackal barks!
The jackal bites you.
You hit the jackal. Your kick misses the jackal.
The jackal is heavily wounded.
The jackal barely misses you. The jackal misses you.
You hit the jackal.
You kill the jackal!
The jackal flies into a frenzy!
The jackal barely misses you. The jackal completely misses you.
You barely miss the jackal. Your kick misses the jackal.
The jackal closely misses you. The jackal misses you.
You closely miss the jackal. The jackal bites you. x2
The jackal barely misses you.
You closely miss the jackal. The jackal barely misses you. x2
You hit the jackal.
The jackal is heavily wounded.
The jackal bites you.
The jackal bites you but does no damage.
The jackal bites you.
You barely miss the jackal.
The jackal is moderately wounded.
The jackal barely misses you. x2
You hit the jackal but do no damage. Your kick misses the jackal.
The jackal is moderately wounded.
The jackal bites you.
* * * LOW HITPOINT WARNING * * *
The jackal bites you.
* * * LOW HITPOINT WARNING * * *
The jackal closely misses you.
You hit the jackal but do no damage.
The jackal is moderately wounded.
The jackal closely misses you. The jackal bites you.
You die...

##### #.#.###
.#.#..# #####.##
#..## #...# ###.#
#.# #######.# #.#
#.@h....# #.#
#.####### #.# #.# #
#.# #.# # #.# #.#
#######.# ##.##
........## ##.#.##
######...####.###.##
.............## ##.#


You could see a neutral jackal (fast, strong, insane).

Vanquished Creatures
  A ball python (D:1)
  2 endoplasms (D:1)
  A giant cockroach (D:1)
  5 jackals (D:1)
  2 kobolds (D:1)
  2 frilled lizards (D:1)
  3 rats (D:1)
16 creatures vanquished.

Notes
Turn   | Place    | Note
-------+----------+-------------------------------------------
     0 | D:1      | Pimp the Demonspawn Conjurer began the quest for the Orb.
     0 | D:1      | Reached XP level 1. HP: 13/13 MP: 3/3
   235 | D:1      | Gained mutation: You have large cloven feet. [demonic
                  | ancestry]
   235 | D:1      | Reached XP level 2. HP: 16/19 MP: 5/5
   252 | D:1      | Found a faded altar of an unknown god.
   417 | D:1      | Slain by a jackal

Illustrated notes

Levels and vault maps discovered:
D:1:      reono_arrival_mine, layout_loops_ring,
          hellmonk_ecumenical_altar_lost_god, serial_glass, glass_columns_a,
          glass_columns_b

Skill      XL: |  1 |
---------------+----+-----
Stealth        | 2 |  2.1
Dodging        | 2 |  2.1
Spellcasting   | |  2.2
Conjurations   | |  4.2

Action                     || total
---------------------------++-------
  Melee: Unarmed           ||    30
         Staff             ||    19
         Kick              ||     4
   Cast: Magic Dart        ||     2
    Use: Potion            ||     4
   Stab: Sleeping          ||     1
 Armour: Robe              ||     5
  Dodge: Dodged            ||    38

Table legend: (Time is in decaauts)
 A = Elapsed time spent in this place.
 B = Non-inter-level travel time spent in this place.
 C = Inter-level travel time spent in this place.
 D = Time resting spent in this place.
 E = Time spent auto-exploring this place.
 F = Levels seen in this place.
 G = Mean time per level.
                   A        B        C        D        E       F      G
               +--------+--------+--------+--------+--------+-----+--------+
         Total |    400 |    400 |      0 |     61 |    217 |   1 |  400.0 |
       Dungeon |    400 |    400 |      0 |     61 |    217 |   1 |  400.0 |
               +--------+--------+--------+--------+--------+-----+--------+

Top non-repeatable levels by time:
     D:1: 400 daAuts
